Map: Moondance

Players

A.I. 1 (Medium)

  • Race: Protoss Protoss
  • Spawn Location: 12:00

buu - Winner!

  • Race: Protoss Protoss
  • Spawn Location: 6:00

VOD

Have the link to the VOD?

Description

Time

  • Played on: Nov. 29, 2022, 4:22 a.m.
  • Length: 11:17
Show
View Real Time Build Order
Export as new Build Order

A.I. 1 (Medium) Protoss 

Build Orders: 1 Gate Expand 

Get SALT Encoding   

  12  0:00  Probe  
  13  0:13  Probe  
  14  0:19  Pylon  
  14  0:25  Probe  
  15  0:33  Probe  
  15  0:42  Probe  
  17  0:50  Gateway  
  17  1:08  Probe  
  17  1:09  Nexus  
  18  1:27  Pylon  
  18  1:30  Assimilator  
  18  1:39  Zealot  
  20  1:41  Probe  
  20  1:42  Cybernetics Core  
  21  1:54  Probe  
  22  2:03  Gateway, Probe  
  23  2:11  Assimilator  
  23  2:16  Probe  
  23  2:21  Stalker, Pylon  
  26  2:25  Probe  
  26  2:26  Warp Gate  
  27  2:38  Probe  
  28  2:50  Zealot  
  28  2:51  Zealot  
  32  3:05  Assimilator  
  32  3:10  Stalker  
  34  3:27  Probe, Assimilator  
  35  3:36  Adept  
  35  3:39  Probe  
  38  3:42  Probe  
  39  3:51  Probe  
  39  3:54  Probe  
  39  3:55  Zealot  
  41  4:01  Robotics Facility  
  43  4:03  Probe  
  44  4:10  Pylon  
  44  4:11  Probe  
  44  4:15  Probe  
  46  4:21  Probe  
  47  4:27  Probe  
  47  4:29  Probe  
  48  4:31  Stalker  
  51  4:39  Probe x2  
  51  4:44  Pylon  
  53  4:51  Probe  
  54  4:54  Stalker, Probe  
  57  5:03  Probe  
  58  5:08  Probe  
  58  5:09  Immortal  
  58  5:10  Pylon  
  59  5:15  Probe  
  59  5:16  Probe  
  65  5:28  Probe  
  66  5:30  Probe  
  66  5:33  Pylon  
  67  5:40  Probe, Sentry  
  67  5:42  Probe  
  71  5:52  Observer, Probe  
  71  5:55  Probe, Pylon  
  74  6:02  Forge  
  74  6:03  Adept  
  77  6:04  Probe  
  77  6:08  Probe  
  77  6:09  Observer  
  78  6:16  Probe, Pylon  
  78  6:17  Immortal  
  80  6:22  Pylon  
  80  6:24  Pylon  
  80  6:31  Stargate  
  84  6:33  Twilight Council  
  84  6:38  Photon Cannon  
  84  6:39  Gateway  
  84  6:44  Photon Cannon  
  84  6:45  Forge  
  84  6:48  Photon Cannon  
  84  6:53  Immortal  
  84  6:54  Photon Cannon  
  88  9:31  Nexus  
  88  9:38  Warp Prism  
  88  9:39  Void Ray  
  94  9:54  Zealot  
  66  10:03  Zealot  
  63  10:09  Warp Prism  
  63  10:13  Sentry  
  61  10:22  Zealot  
  35  10:30  Probe  
  33  10:38  Observer  
  33  10:39  Stalker  
  33  10:42  Probe x2  
  35  10:48  Adept  
  27  10:54  Probe x2  
  23  10:57  Stalker  
  23  11:02  Pylon  
  21  11:08  Zealot  
Show
View Real Time Build Order
Export as new Build Order

buu Protoss - Winner!

Build Orders: Zealot Archon 

Get SALT Encoding   

  12  0:00  Probe  
  13  0:13  Probe  
  14  0:18  Pylon  
  14  0:25  Probe  
  15  0:37  Gateway, Probe  
  16  0:47  Assimilator  
  16  0:49  Probe  
  17  0:58  Assimilator  
  17  1:01  Probe (Chrono Boost)  
  18  1:10  Probe (Chrono Boost)  
  19  1:13  Gateway  
  19  1:15  Probe (Chrono Boost)  
  20  1:27  Probe, Cybernetics Core  
  21  1:39  Probe  
  22  1:43  Pylon  
  22  1:51  Probe  
  23  2:03  Warp Gate  
  23  2:04  Stalker, Probe  
  23  2:05  Stalker  
  28  2:16  Probe  
  28  2:20  Pylon  
  29  2:28  Probe  
  30  2:38  Stalker x2  
  34  2:57  Nexus  
  34  3:09  Robotics Facility  
  34  3:10  Probe  
  35  3:19  Pylon  
  35  3:27  Probe  
  36  3:39  Probe  
  37  3:51  Probe  
  37  3:55  Immortal (Chrono Boost)  
  42  4:05  Probe  
  43  4:15  Probe (Chrono Boost)  
  45  4:20  Probe (Chrono Boost)  
  45  4:27  Observer, Probe (Chrono Boost)  
  48  4:33  Probe (Chrono Boost)  
  48  4:36  Probe (Chrono Boost)  
  49  4:39  Gateway  
  49  4:41  Probe  
  49  4:42  Gateway  
  50  4:45  Assimilator  
  50  4:47  Assimilator  
  50  4:51  Probe, Twilight Council  
  51  4:53  Probe  
  51  4:55  Immortal  
  56  5:03  Probe  
  56  5:05  Probe  
  56  5:06  Pylon  
  58  5:14  Pylon  
  58  5:18  Zealot x2  
  62  5:24  Probe  
  62  5:26  Probe  
  62  5:27  Charge (Chrono Boost)  
  64  5:36  Probe  
  64  5:38  Probe  
  64  5:40  Templar Archives  
  66  5:48  Probe  
  67  5:50  Probe  
  68  6:00  Probe  
  68  6:02  Nexus  
  68  6:03  Pylon  
  69  6:18  Forge x2  
  69  6:20  Probe  
  69  6:21  Zealot x2, Probe  
  69  6:22  Zealot  
  69  6:24  Zealot  
  79  6:32  Probe  
  80  6:33  Probe  
  80  6:37  Immortal  
  85  6:50  Gateway, Protoss Ground Armor Level 1 (Chrono Boost), Protoss Ground Weapons Level 1 (Chrono Boost)  
  85  6:53  Gateway  
  85  6:58  Probe  
  86  7:01  Gateway  
  86  7:04  Gateway  
  86  7:07  Pylon  
  86  7:10  Pylon  
  86  7:14  Probe x2  
  88  7:17  Pylon  
  88  7:24  Probe  
  88  7:26  Probe x2  
  91  7:36  Probe  
  92  7:38  Probe x2  
  98  7:47  High Templar  
  98  7:48  High Templar x5, Probe  
  98  7:50  Probe x2  
  109  7:54  Archon x2  
  109  7:56  High Templar  
  111  8:00  Archon  
  111  8:02  High Templar  
  111  8:04  Probe x3  
  116  8:12  Archon  
  116  8:16  Probe  
  117  8:22  Assimilator  
  117  8:25  Assimilator  
  117  8:26  Gateway  
  117  8:28  Gateway  
  117  8:29  Zealot  
  117  8:30  Zealot x3  
  125  8:37  Pylon  
  125  8:38  Pylon  
  125  8:41  Pylon  
  125  8:52  Pylon  
  125  8:54  Pylon  
  125  8:55  Probe, Pylon  
  126  9:05  Zealot, Pylon  
  126  9:06  Zealot x7, Pylon  
  126  9:08  Pylon  
  142  9:10  Pylon  
  142  9:23  Pylon  
  142  9:24  High Templar x2, Pylon  
  142  9:27  High Templar x2  
  142  9:28  High Templar x2, Pylon  
  142  9:30  High Templar  
  142  9:31  High Templar  
  158  9:34  Zealot x2  
  158  9:35  Archon  
  158  9:36  Archon  
  158  9:37  Archon x2  
  162  9:42  Warp Prism  
  158  9:58  Zealot x3  
  158  9:59  Zealot x3  
  160  10:23  Observer  
  161  10:29  Zealot x2, Nexus  
  161  10:30  Zealot x8  
  161  10:31  Pylon  
  161  10:34  Pylon  
  180  10:38  Pylon  
  180  10:50  High Templar x8  
  180  10:52  Zealot  
  180  10:53  Zealot  
  180  10:55  Archon x2  
  180  10:56  Archon  
  200  10:57  Archon  
Tags
 
Composition
Zealot Archon
Matchup
PvP
Spawn Locations
Cross Positions
Add a new tag
Caveats
  • Supply blocks, unpowered buildings, or Contaminate may cause inaccurate times.
  • Supply counts are checked every 10 seconds.